[Event "*** Titled Tuesday Blitz"]
[Site "Chess.com"]
[Date "2020.05.19"]
[Round "6"]
[White "Sanyura"]
[Black "vaishali2001"]
[Result "0-1"]
[WhiteElo "2491"]
[BlackElo "2632"]
[TimeControl "180+1"]
[EndTime "13:10:29 PDT"]
[Termination "vaishali2001 won on time"]

1. Nf3 d5 2. g3 g6 3. d3 Bg7 4. Bg2 e5 5. O-O Ne7 6. Nbd2 O-O 7. e4 Nbc6 8. exd5 Nxd5 9. Nc4 Re8 10. Re1 h6 11. c3 a5 12. a4 Bf5 13. Nh4 Be6 14. Nf3 Bf5 15. Nh4 Be6 16. Nf3 f6 17.
Nfd2 Bf7 18. Ne4 f5 19. Nc5 b6 20. Nb3 Qd7 21. h4 Rad8 22. Qf3 Nde7 23. Bf1 e4 24. dxe4 fxe4 25. Qxe4 Nf5 26. Bf4 Rxe4 27. Rxe4 Bd5 28. Ree1 Qf7 29. Nbd2 Re8 30. Rxe8+ Qxe8 31. Bd3 Qd7 32. Re1 Bf7 33. Be4 Bd5 34. Bd3 Kh7 35.
h5 g5 36. Ne3 Be6 37. Nxf5 Bxf5 38. Bxf5+ Qxf5 39. Be3 Ne5 40. Kg2 g4 41. Bf4 Nf3 42.
Nxf3 gxf3+ 43. Kxf3 Qxh5+ 44. g4 Qd5+ 45. Kg3 Kg6 46.
Re7 Qd3+ 47. f3 Qf1 48. Be3 Qc4 49. Re4 Qd5 50. c4 Qd6+ 51. Bf4 Qc6 52. b3 Qc5 53. Be3 Qd6+ 54. Bf4 Qd7 55. Be3 Bf8 56. Bf4 Bd6 57.
Kg2 Bxf4 58. Rxf4 Qd2+ 59. Kg3 Qd6 60. c5 bxc5 0-1

[Event "*** Titled Tuesday Blitz"]
[Site "Chess.com"]
[Date "2020.05.19"]
[Round "6"]
[White "Robert_Chessmood"]
[Black "vanea_03"]
[Result "0-1"]
[WhiteElo "2885"]
[BlackElo "2648"]
[TimeControl "180+1"]
[EndTime "13:10:30 PDT"]
[Termination "vanea_03 won on time"]

1. e4 e5 2. Nf3 Nf6 3. d4 Nxe4 4.
Bd3 d5 5. Nxe5 Nd7 6. Nc3 Nxc3 7. bxc3 Bd6 8. O-O O-O 9. Re1 c6 10. Qh5 Nf6 11. Qh4 Bxe5 12. Rxe5 Ne4 13. Qxd8 Rxd8 14. c4 Be6 15. cxd5 cxd5 16. c4 Nf6 17. c5 b6 18.
Ba3 bxc5 19. dxc5 Rdc8 20. Re2 Nd7 21. Rc1 Nb8 22. Rb2 Nc6 23. f4 g6 24. Kf2 Rab8 25.
Rcb1 Rxb2+ 26. Rxb2 Kf8 27. Ba6 Rc7 28. Bb5 Ke8 29.
Ke3 Kd7 30. Ba4 Kc8 31. Rb1 h5 32. g3 Na5 33. Kd4 Nc6+ 34. Bxc6 Rxc6 35. Bc1 Ra6 36. Ke5 d4 37. Kxd4 Bxa2 38. Rb2 Be6 39. Ke5 Ra2 40. Rxa2 Bxa2 41. Kd6 a5 42. c6 a4 43. Ba3 Bc4 44.
Kc5 Bb3 45. Kb6 Bd5 46. Bd6 Bb3 47. Bc5 Bd5 48. Ba3 Bb3 49. Kc5 Be6 50. Kd6 Bb3 51. Bb4 Be6 52. Bc5 Bb3 53. Bb4 Be6 54. Ba3 Bb3 55. Kc5 Kc7 56. Bb4 Be6 57. Ba5+ Kc8 58. Bb4 Kc7 59. Kb5 Bb3 60. Ba5+ Kc8 61. Bb4 Kc7 62.
Bc5 Kc8 63. Bd6 Bd5 0-1

[Event "*** Titled Tuesday Blitz"]
[Site "Chess.com"]
[Date "2020.05.19"]
[Round "6"]
[White "silverback96"]
[Black "PIwan"]
[Result "0-1"]
[WhiteElo "2318"]
[BlackElo "2502"]
[TimeControl "180+1"]
[EndTime "13:10:30 PDT"]
[Termination "PIwan won by checkmate"]

1. d4 d5 2. c4 dxc4 3. e3 b5 4. a4 b4 5. Bxc4 e6 6. Nf3 Bb7 7. O-O Nf6 8. Ne5 Bd6 9. f4 O-O 10. Nd2 c5 11. Ndf3 Nc6 12. Nxf7 Rxf7 13. Ng5 Qe7 14. Bxe6 Nd8 15. Bc4 h6 16. Nxf7 Nxf7 17.
Qb3 Rf8 18. a5 Qe4 19. Rf2 Bd5 20. Bxd5 Nxd5 21. Qc4 Nxe3 22. Bxe3 Qxe3 23. Rd1 Re8 24. Kf1 cxd4 25. Qxd4 Qxd4 26. Rxd4 Bc5 27. Rd7 Bxf2 28.
Kxf2 Rc8 29. Rxa7 Rc2+ 30. Kf3 Rxb2 31. a6 Ra2 32. Ra8+ Kh7 33. a7 b3 34. Rb8 Rxa7 35.
Rxb3 Re7 36. g4 Nd6 37. Rb6 Nc4 38. Rc6 Nd2+ 39. Kf2 Ne4+ 40. Kf3 g5 41. f5 Kg7 42. h3 Nf6 43. Ra6 Rc7 44. Rb6 Rc3+ 45. Kg2 Rc7 46.
Kf3 Kf7 47. Ra6 Rc3+ 48. Kg2 h5 49. Ra4 h4 50. Kh2 Nd5 51. Ra7+ Kf6 52. Ra5 Nf4 53. Ra6+ Ke7 54. Ra4 Rxh3+ 55. Kg1 Rg3+ 56. Kh2 Rxg4 57. Ra5 Rg2+ 58. Kh1 Rg4 59. Kh2 Kf6 60. Rb5 Rg2+ 61.
Kh1 Rd2 62. Kg1 Rd5 63. Rb6+ Kxf5 64. Rb8 Kg4 65. Rg8 Kg3 66. Kf1 Rd1# 0-1

[Event "*** Titled Tuesday Blitz"]
[Site "Chess.com"]
[Date "2020.05.19"]
[Round "6"]
[White "tufferguy"]
[Black "Bagirova"]
[Result "1-0"]
[WhiteElo "2354"]
[BlackElo "2182"]
[TimeControl "180+1"]
[EndTime "13:10:31 PDT"]
[Termination "tufferguy won on time"]

1. e4 c5 2. c3 d6 3. d4 Nf6 4.
Bd3 g6 5. Nf3 Bg7 6. h3 O-O 7. O-O Nc6 8. dxc5 dxc5 9. Qe2 e5 10.
Rd1 Qc7 11. Bg5 h6 12. Bxf6 Bxf6 13. Qe3 Bg7 14. Qxc5 b6 15. Qe3 Be6 16. Na3 f5 17. Bc4 Qf7 18. Qe2 Qf6 19. Bxe6+ Qxe6 20. Qc4 Qxc4 21.
Nxc4 fxe4 22. Nfd2 b5 23. Ne3 b4 24. Nxe4 bxc3 25. Nxc3 Nd4 26. Ne4 Rac8 27. Kf1 Nc2 28.
Nxc2 Rxc2 29. Rd2 Rc4 30. Re2 Rd8 31. Nc3 e4 32. Rxe4 Rxe4 33. Nxe4 Bxb2 34. Rb1 Bd4 35.
Rd1 Kf7 36. Ke2 Ke6 37. Nc5+ Ke5 38. f4+ Kf6 39. Ne4+ Kf5 40. Kf3 Bb6 41. Rxd8 Bxd8 42. Nc5 Bb6 43. Nd3 a5 44. g4+ Kf6 45. Ke4 a4 46.
Nb2 a3 47. Nc4 Bc5 48. Kd5 Bb4 49. Nd6 h5 50. g5+ Ke7 51. Ne4 Kf7 52. Kc4 Be1 53.
Kd5 h4 54. Nc5 Bd2 55. Nd3 Be3 56. Ke4 Bd2 57. Ne5+ Kg7 58. Nc4 Bc1 59. f5 gxf5+ 60. Kxf5 Bb2 61. g6 Kf8 62. Nd6 Ke7 63. Ne4 Kf8 64. Kg5 Kg7 65. Nd6 Bf6+ 66. Kh5 Bb2 67.
Nf5+ 1-0

[Event "*** Titled Tuesday Blitz"]
[Site "Chess.com"]
[Date "2020.05.19"]
[Round "6"]
[White "Too_Stupid_To_Play"]
[Black "Mizner"]
[Result "0-1"]
[WhiteElo "2312"]
[BlackElo "2553"]
[TimeControl "180+1"]
[EndTime "13:10:32 PDT"]
[Termination "Mizner won by resignation"]

1. Nf3 d5 2. c4 e6 3. e3 Nf6 4. b3 Be7 5. Bb2 O-O 6. Be2 c5 7. O-O Nc6 8. d4 b6 9. Nc3 dxc4 10. Bxc4 cxd4 11. Nxd4 Nxd4 12. exd4 Bb7 13. Rc1 Rc8 14.
Re1 Qd7 15. Bb5 Qd6 16. Bd3 Rfd8 17. Nb5 Qb8 18. Rxc8 Rxc8 19. Qe2 Nd5 20. Qh5 g6 21. Qg4 a6 22. Na3 b5 23. h4 Qf4 24. Qxf4 Nxf4 25. Bf1 Bb4 26. Rc1 Rxc1 27. Bxc1 Nd5 28. Nc2 Bc3 29. g3 Nb6 30. Bg2 Bxg2 31. Kxg2 Kf8 32. Kf3 Ke7 33. Ke4 Nd5 34. Kd3 Ba5 35. a3 Kf6 36. Ne3 Ne7 37. Ng4+ Kf5 38. Nh6+ Kf6 39. Ng4+ Kg7 40. Bh6+ Kh8 41. Ne5 Kg8 42. Nd7 Bc7 43. Nf6+ Kh8 44. g4 Ng8 45. Bg5 h6 46. Nxg8 hxg5 47.
Nf6 gxh4 48. g5 Bd8 49. Ng4 Bxg5 50. Ne5 Kg7 51. Nf3 Bf6 52. Ng1 g5 53. Ke4 Kg6 54.
f3 Be7 55. a4 bxa4 56. bxa4 Bd6 57. d5 f5+ 58. Kd4 e5+ 59. Kc4 g4 60. fxg4 fxg4 0-1

[Event "*** Titled Tuesday Blitz"]
[Site "Chess.com"]
[Date "2020.05.19"]
[Round "6"]
[White "Gerodot71"]
[Black "GoldenShare"]
[Result "0-1"]
[WhiteElo "2416"]
[BlackElo "2620"]
[TimeControl "180+1"]
[EndTime "13:10:32 PDT"]
[Termination "GoldenShare won by resignation"]

1. d4 d5 2. c4 dxc4 3. e3 Nf6 4. Bxc4 e6 5. Nf3 a6 6. Qe2 b5 7. Bd3 c5 8. dxc5 Bxc5 9. a3 Bb7 10. b4 Be7 11.
Bb2 Nbd7 12. O-O O-O 13. Rd1 Nd5 14. Nbd2 Bf6 15. Ne4 Bxb2 16. Qxb2 Qe7 17. Rac1 Rac8 18. Bb1 Rxc1 19. Rxc1 h6 20. h3 N7b6 21. Nfd2 Na4 22.
Qe5 Rd8 23. Nb3 Nf6 24. Nxf6+ Qxf6 25. Qxf6 gxf6 26. Kf1 Bd5 27. Na5 f5 28. f3 Kg7 29.
Ke2 Kf6 30. g4 fxg4 31. hxg4 Nb6 32. f4 Nc4 33. Nxc4 Bxc4+ 34. Kf3 Rd2 35. Rh1 Kg7 36. Rc1 Rb2 37. Rh1 Rb3 38. Be4 Rxa3 39. g5 hxg5 40.
fxg5 Rb3 41. Kf4 Rxb4 42. Ke5 Bb3 43. Rh7+ Kg8 44. Rh2 a5 45. g6 fxg6 46. Bxg6 Kg7 47. Bd3 Bd5 48. Rh3 a4 49. Rg3+ Kf8 50. Kf6 Rb2 51.
Rh3 Rf2+ 52. Ke5 a3 53. Rh8+ Ke7 54. Rh7+ Rf7 55. Rh1 a2 56. Ra1 b4 57. e4 Bb3 58. Kd4 Rf2 59. Kc5 Rd2 60. Bf1 Rb2 61.
Kxb4 Rb1 62. Bc4 Rxa1 63. Bxb3 Rb1 64. Ka3 a1=Q+ 0-1

[Event "*** Titled Tuesday Blitz"]
[Site "Chess.com"]
[Date "2020.05.19"]
[Round "6"]
[White "SHIVACalypso"]
[Black "MartinCerveny"]
[Result "1-0"]
[WhiteElo "2305"]
[BlackElo "2431"]
[TimeControl "180+1"]
[EndTime "13:10:34 PDT"]
[Termination "SHIVACalypso won by resignation"]

1. Nf3 d5 2. c4 c6 3. d4 Nf6 4. Nc3 a6 5. Qc2 g6 6. e4 dxe4 7. Nxe4 Nxe4 8. Qxe4 Bf5 9. Qh4 Bg7 10. Be2 Nd7 11. O-O h6 12. Rd1 Nf6 13. Qf4 O-O 14. Ne5 Qd6 15. b3 Rad8 16. Bb2 Nd7 17. Qe3 g5 18. Bd3 Bxd3 19. Nxd3 Rfe8 20. g3 Qg6 21. Ne5 Nxe5 22. dxe5 Qc2 23. Rxd8 Rxd8 24. Qc3 Rd1+ 25. Rxd1 Qxd1+ 26. Kg2 Qe2 27. Qd4 e6 28. h3 c5 29.
Qd8+ Kh7 30. Bc3 Bxe5 31. Bxe5 Qxe5 32. Qd7 Qe4+ 33. Kg1 Kg7 34. Qc7 Qc6 35. Qe5+ f6 36. Qb8 Qd7 37. Kg2 h5 38. Kg1 e5 39. Kg2 e4 40.
Qa7 Qc7 41. Qa8 Qe7 42. Qc8 Kg6 43. Qg8+ Kf5 44. Qd5+ Qe5 45. Qd7+ Kg6 46. Qxb7 e3 47.
fxe3 Qxe3 48. Qf3 Qd2+ 49. Qf2 Qc3 50. Qf3 Qb2+ 51. Qf2 Qb1 52. Qe2 g4 53. Qf2 gxh3+ 54. Kxh3 Qh1+ 55. Qh2 Qxh2+ 56. Kxh2 Kf5 57. Kh3 Kg5 58. a3 f5 59. b4 cxb4 60. axb4 f4 61. gxf4+ Kxf4 62. b5 a5 63. b6 a4 64. b7 a3 65.
b8=Q+ Ke4 66. Qb1+ Kd4 67. Qa1+ Kxc4 68. Qxa3 1-0

[Event "*** Titled Tuesday Blitz"]
[Site "Chess.com"]
[Date "2020.05.19"]
[Round "6"]
[White "MFBerna"]
[Black "ChessMavenYeti"]
[Result "1-0"]
[WhiteElo "2320"]
[BlackElo "2089"]
[TimeControl "180+1"]
[EndTime "13:10:35 PDT"]
[Termination "MFBerna won on time"]

1. e4 e5 2. Nf3 Nf6 3. Nxe5 d6 4. Nf3 Nxe4 5. d4 d5 6. Bd3 Bd6 7. O-O O-O 8. c4 c6 9. Nc3 Nxc3 10. bxc3 dxc4 11.
Bxc4 Bf5 12. Bd3 Bxd3 13. Qxd3 Nd7 14. Rb1 Qc7 15. c4 Rfe8 16. Bd2 c5 17. d5 Nf6 18. Rfe1 h6 19. Bc3 Ng4 20. h3 Ne5 21. Bxe5 Bxe5 22. Nxe5 Rxe5 23. Rxe5 Qxe5 24. Rxb7 Qa1+ 25. Kh2 Qxa2 26.
d6 Qxf2 27. d7 Qf4+ 28. Kh1 Qc1+ 29. Kh2 Qf4+ 30. Kg1 Qc1+ 31. Kf2 Qf4+ 32. Ke2 Rd8 33. Rxa7 Qe5+ 34. Kf3 Qf6+ 35. Ke3 Qe5+ 36. Qe4 Qc3+ 37. Ke2 Qb2+ 38. Kf1 Qc1+ 39. Kf2 Qd2+ 40. Kg3 Qd6+ 41. Qf4 Qb6 42. Qe5 Kf8 43. Rc7 f6 44. Qxc5+ Qxc5 45. Rxc5 Rxd7 46. Kf4 Rd2 47. g4 Kf7 48. h4 g5+ 49.
Kf3 gxh4 50. Rh5 Rc2 51. c5 Kg6 52. Rxh4 Rxc5 53. Rh1 Rc3+ 54. Kf4 Rc4+ 55. Kf3 Ra4 56. Rb1 h5 57. gxh5+ Kxh5 58. Rb8 Kg5 59. Rg8+ Kf5 60. Rb8 Ra3+ 61. Kf2 Kf4 62. Rb4+ Kg5 63. Rb5+ f5 64. Rb4 f4 65. Rb5+ Kg4 66. Rb8 Ra2+ 67. Kf1 Kg3 68.
Rb7 Ra1+ 69. Ke2 f3+ 70. Ke3 1-0

[Event "*** Titled Tuesday Blitz"]
[Site "Chess.com"]
[Date "2020.05.19"]
[Round "6"]
[White "Elbek_Jumanov"]
[Black "GoltsevDmitry2000"]
[Result "0-1"]
[WhiteElo "2420"]
[BlackElo "2574"]
[TimeControl "180+1"]
[EndTime "13:10:37 PDT"]
[Termination "GoltsevDmitry2000 won on time"]

1. c4 e5 2. g3 Nf6 3. Bg2 c6 4. d4 d6 5. Nc3 Nbd7 6. Nf3 Be7 7. O-O O-O 8. Qc2 h6 9. b3 Re8 10. Bb2 Qc7 11. Rfd1 Nf8 12. Rd2 Ng6 13. Rad1 Bg4 14. h3 Be6 15. d5 cxd5 16. Nxd5 Bxd5 17. cxd5 Nxd5 18. Nxe5 Qxc2 19. Rxc2 Nb4 20. Nxg6 Nxc2 21. Nxe7+ Rxe7 22. e3 Nb4 23. Rxd6 Nxa2 24. Ba3 Rc8 25. Rd2 Rc1+ 26. Kh2 Rec7 27. Rxa2 R1c2 28. Rxc2 Rxc2 29. Kg1 Rc3 30. Bd5 b6 31. Kf1 Rc2 32. Ke1 a5 33.
Be4 Rc3 34. Bd5 Rc2 35. Be4 Ra2 36. Bd6 b5 37. Bd5 Rb2 38. Be5 Rc2 39. Be4 Ra2 40. f4 a4 41. bxa4 bxa4 42. Bd5 Rc2 43. Kd1 Rc5 44.
e4 a3 45. Bd6 Rc3 46. Kd2 Rxg3 47. Be5 Rxh3 48. Kc2 a2 0-1

[Event "*** Titled Tuesday Blitz"]
[Site "Chess.com"]
[Date "2020.05.19"]
[Round "6"]
[White "IMRosen"]
[Black "keepitcool9499"]
[Result "1/2-1/2"]
[WhiteElo "2595"]
[BlackElo "2466"]
[TimeControl "180+1"]
[EndTime "13:10:39 PDT"]
[Termination "Game drawn by repetition"]

1. d4 e6 2. Bf4 Nf6 3. e3 d5 4. Nd2 Be7 5. Ngf3 b6 6. c3 Bb7 7. Bd3 Nbd7 8. Qb1 c5 9. Ne5 Nxe5 10. dxe5 Nh5 11. Bg3 Nxg3 12. hxg3 h6 13. Nf3 Qc7 14. a4 a6 15. g4 c4 16. Bc2 O-O-O 17. Qd1 Bc5 18. Rh5 Kb8 19. Kf1 f6 20. Bg6 Rhf8 21. Kg1 fxe5 22. Nxe5 Rf6 23. Qe2 Rdf8 24. Rf1 Bd6 25.
f4 Bxe5 26. Rxe5 Rxg6 27. Rd1 Rgf6 28. Kh2 g5 29. g3 gxf4 30. exf4 Bc6 31. Rd4 b5 32. axb5 axb5 33. Qe1 h5 34. g5 Rf5 35. Rxe6 h4 36. Re7 Qd6 37. Re6 Qc7 38. Re7 Qd6 39.
Re6 Qc5 40. Qe3 hxg3+ 41. Kxg3 Bd7 42. Re7 Qd6 43. Re5 Rxe5 44. fxe5 Qe6 45. Rh4 Kb7 46.
Kg2 Rf5 47. Rh6 Qxe5 48. Qb6+ Kc8 49. Qa6+ Kd8 50. Qb6+ Ke7 51. Rh7+ Ke8 52. Qg6+ Kd8 53.
Qb6+ Qc7 54. Rh8+ Be8 55. Qxc7+ Kxc7 56. Rxe8 Rxg5+ 57. Kf3 Rf5+ 58. Ke3 Kd6 59. Kd2 Re5 60. Rd8+ Kc6 61. Rc8+ Kb7 62. Rd8 Kb6 63. Ra8 Kc5 64.
Kc2 Re6 65. Kb1 Rc6 66. Rd8 b4 67. cxb4+ Kxb4 68. Rxd5 Rc5 69. Rd8 Rb5 70. Kc2 Kc5 71. Rc8+ Kb4 72. Rh8 Rg5 73. Rb8+ Kc5 74. Rc8+ Kd4 75.
Rd8+ Rd5 76. Rh8 Kc5 77. Rh3 Kb4 78. Rh8 Rg5 79. Rb8+ Kc5 80. Rc8+ Kd4 81. Rd8+ Kc5 82. Rc8+ 1/2-1/2

[Event "*** Titled Tuesday Blitz"]
[Site "Chess.com"]
[Date "2020.05.19"]
[Round "6"]
[White "1f3_2g41-0"]
[Black "Godzillator"]
[Result "1/2-1/2"]
[WhiteElo "2308"]
[BlackElo "2446"]
[TimeControl "180+1"]
[EndTime "13:10:39 PDT"]
[Termination "Game drawn - insufficient material"]

1. e4 c6 2. d4 d5 3. e5 Bf5 4.
h4 h5 5. Bg5 Nh6 6. Bd3 Bxd3 7.
Qxd3 Qb6 8. e6 fxe6 9. Nf3 Nf7 10. O-O Nd7 11. Re1 c5 12. Nc3 O-O-O 13. Na4 Qc6 14. Nxc5 Nxc5 15. dxc5 Qxc5 16. Rxe6 Kb8 17. Rae1 Ka8 18.
Qg6 Nd6 19. Be3 Qb5 20. Ne5 d4 21. Bxd4 Rh6 22. Rxd6 exd6 23. Qg5 Rc8 24. Nf7 Qxg5 25. hxg5 Rg6 26. f4 d5 27. f5 Ra6 28. a3 Ra4 29. c3 b6 30. Re5 Bc5 31. Rxd5 Bxd4+ 32. cxd4 Rc1+ 33. Kh2 Rc2 34. Rd8+ Kb7 35. Nd6+ Ka6 36. f6 gxf6 37. gxf6 Rxd4 38. f7 Rf2 39. f8=Q Rxf8 40. Rxf8 Rxd6 41. Rf5 Rd2 42. Rxh5 Rxb2 43. Rh4 Kb5 44.
Kh3 Rb3+ 45. Kh2 Rxa3 46. g4 Ra4 47. Rh5+ Kc4 48. g5 Ra5 49. Rh4+ Kb3 50. Rg4 Re5 51. g6 Re8 52. g7 Rg8 53. Kg3 a5 54. Kf3 b5 55.
Ke3 b4 56. Kd2 a4 57. Kc1 Ka3 58. Kb1 b3 59. Rg3 Re8 60. Rg1 Rg8 61. Rg3 Kb4 62.
Rg4+ Kb5 63. Rg5+ Kc6 64. Rg4 a3 65. Rg3 a2+ 66. Kb2 Kd6 67. Rxb3 a1=Q+ 68. Kxa1 Rxg7 69. Rb6+ Kc5 70. Ra6 Rb7 71. Ra2 Kc4 72. Rb2 Rxb2 73.
Kxb2 1/2-1/2

[Event "*** Titled Tuesday Blitz"]
[Site "Chess.com"]
[Date "2020.05.19"]
[Round "6"]
[White "GM4life"]
[Black "Filip_Covic"]
[Result "1-0"]
[WhiteElo "2212"]
[BlackElo "2383"]
[TimeControl "180+1"]
[EndTime "13:10:40 PDT"]
[Termination "GM4life won by resignation"]

1. e4 c5 2. Nf3 Nc6 3. d4 cxd4 4.
Nxd4 g6 5. c4 Nf6 6. Nc3 Nxd4 7.
Qxd4 d6 8. Be2 Bg7 9. Bg5 O-O 10. Qd2 Be6 11. O-O Qa5 12. Rad1 Rfc8 13. b3 a6 14. Bxf6 exf6 15. Nd5 Qxd2 16. Rxd2 Bxd5 17. Rxd5 Bf8 18.
a4 a5 19. Rfd1 Rc6 20. Kf1 Rb6 21. R1d3 Be7 22. Bd1 Kg7 23. Ke2 Rc6 24. Ke3 b6 25. f4 Re8 26. Bf3 Bf8 27. Kf2 Rc5 28. R5d4 f5 29. exf5 gxf5 30. Bd5 Kf6 31. Rh3 h6 32. Rdd3 Rc7 33. Bf3 Kg6 34. Rg3+ Kf6 35. Kf1 Rc5 36.
Bd5 Rc7 37. Rg8 Rce7 38. Kf2 Re2+ 39. Kf3 Bg7 40. Rxe8 Rxe8 41. Bc6 Rd8 42. Rd5 Bf8 43. Rb5 Rb8 44. Ke3 Be7 45. Kd4 Ke6 46. Bd5+ Kf6 47.
Bf3 Ke6 48. Bd5+ Kf6 49. Bf3 Ke6 50. Be2 Bd8 51. Bd3 Bc7 52. Bxf5+ Ke7 53. Be4 Rg8 54. g3 Kd7 55. Rh5 Rh8 56. Bd5 Bd8 57. Bxf7 Rf8 58.
Bd5 Bf6+ 59. Ke4 Bg7 60. Rf5 Re8+ 61. Kf3 Re7 62. g4 Bd4 63. Kg3 Re3+ 64. Kh4 Re2 65. h3 Rh2 66. Kh5 Rxh3+ 67. Kg6 Rh4 68. Rf7+ Kd8 69. Be6 Be3 70. Rd7+ Ke8 71. Kf5 Bc5 72.
Rh7 Rh2 73. g5 h5 74. g6 h4 75. g7 Rg2 76. g8=Q+ 1-0

[Event "*** Titled Tuesday Blitz"]
[Site "Chess.com"]
[Date "2020.05.19"]
[Round "6"]
[White "IwkooO"]
[Black "Bulldog167"]
[Result "0-1"]
[WhiteElo "2551"]
[BlackElo "2786"]
[TimeControl "180+1"]
[EndTime "13:10:41 PDT"]
[Termination "Bulldog167 won by resignation"]

1. e4 e6 2. d4 d5 3. Nd2 Nf6 4. e5 Nfd7 5. Bd3 c5 6. c3 Nc6 7.
Ne2 cxd4 8. cxd4 f6 9. exf6 Nxf6 10. Nf3 Qb6 11. O-O Bd6 12. a3 O-O 13. b4 Bd7 14. Bb2 Be8 15. Ne5 Bh5 16. Nxc6 bxc6 17. Qc2 Bxe2 18. Qxe2 Rae8 19. Bc3 Qb8 20. g3 e5 21.
dxe5 Bxe5 22. Bxe5 Rxe5 23. Qc2 Qd6 24. Rac1 Rc8 25.
Rfe1 Rxe1+ 26. Rxe1 c5 27. Bf5 Rc7 28. Re6 Qf8 29.
bxc5 Rxc5 30. Qa4 g6 31. Bd3 Rc7 32. Ra6 Qe7 33. Kg2 Kg7 34. Qd4 Kf7 35. Qf4 Rb7 36. h3 Rb6 37. Ra5 Kg7 38. Qd4 Kf7 39. Bc2 Rb7 40. Bd3 Qc7 41. Ra6 Rb6 42. Ra5 Rb7 43. Ra4 Qb6 44. Qf4 Qc7 45. Qg5 Kg7 46. Ra6 Rb6 47.
Ra4 Qc3 48. Be2 Qc2 49. Bf3 Qxa4 50. Qe5 Qd7 51. h4 Qd6 52. Qd4 h5 53. Qe3 Qe6 54. Qc5 Kf7 55. Qc7+ Qe7 56. Qc3 Rd6 57. Qd4 Kg7 58. Qf4 d4 59. Qd2 d3 60. Ba8 Ne4 61. Qb2+ Qf6 62. Qb7+ Kh6 63. Qxe4 d2 64. Qe3+ Kg7 65.
Bf3 Qxf3+ 66. Qxf3 d1=Q 67. Qb7+ Rd7 68. Qxa7 Rxa7 0-1

[Event "*** Titled Tuesday Blitz"]
[Site "Chess.com"]
[Date "2020.05.19"]
[Round "6"]
[White "Orest_Vovk"]
[Black "want2lose"]
[Result "1-0"]
[WhiteElo "2374"]
[BlackElo "2813"]
[TimeControl "180+1"]
[EndTime "13:10:41 PDT"]
[Termination "Orest_Vovk won by checkmate"]

1. e4 e6 2. Be2 d5 3. d3 c5 4. f4 Nc6 5. Nf3 dxe4 6. dxe4 Qxd1+ 7. Bxd1 Bd7 8. c3 Nf6 9. Bc2 Be7 10. Be3 Ng4 11. Bg1 f5 12. e5 Nh6 13. Nbd2 Nf7 14. h4 O-O-O 15. O-O-O b6 16. Nc4 Kc7 17. Ng5 Nxg5 18. hxg5 h6 19. gxh6 gxh6 20. Bf2 Rdg8 21. g3 h5 22. Nd6 Rh7 23. Nb5+ Kc8 24. Ba4 Bf8 25. Rd2 a6 26. Nd6+ Kc7 27. Rhd1 Nxe5 28. Bxd7 Nxd7 29. Ne8+ Kc8 30. Rxd7 Rxd7 31. Rxd7 Kxd7 32.
Nf6+ Ke7 33. Nxg8+ Kf7 34. Kc2 Kxg8 35. Kb3 Kf7 36. a4 e5 37. fxe5 Ke6 38. Kc4 Kxe5 39.
b4 f4 40. gxf4+ Kxf4 41. b5 a5 42. Kd5 Bg7 43. c4 Bd4 44. Bh4 Kg4 45. Bd8 Kf5 46.
Bxb6 h4 47. Bc7 Be3 48. b6 Bf4 49. Bxf4 Kxf4 50. b7 h3 51. b8=Q+ Kf3 52. Qh2 Kg4 53. Kxc5 Kf5 54. Kb5 Ke4 55. Kxa5 Kd4 56. Kb5 Ke4 57. Qxh3 Ke5 58. c5 Kd4 59. Kb6 Ke4 60. c6 Kd5 61. c7 Kd6 62. c8=Q Ke5 63. a5 Kf6 64. a6 Kg5 65. Qc5+ Kf6 66. Qh6+ Kf7 67.
a7 Ke8 68. Qcc6+ Ke7 69. Qb7+ Kd8 70. a8=Q# 1-0

[Event "*** Titled Tuesday Blitz"]
[Site "Chess.com"]
[Date "2020.05.19"]
[Round "6"]
[White "Kobalia"]
[Black "mbojan"]
[Result "1-0"]
[WhiteElo "2802"]
[BlackElo "2621"]
[TimeControl "180+1"]
[EndTime "13:10:42 PDT"]
[Termination "Kobalia won by checkmate"]

1. e4 c5 2. Nf3 Nc6 3. Bb5 g6 4. Bxc6 dxc6 5. O-O Bg7 6. d3 Nf6 7. a4 Bg4 8. Nbd2 O-O 9. h3 Bxf3 10. Nxf3 Nd7 11. a5 e5 12. c3 Qe7 13. Qb3 b6 14. Be3 Rfd8 15. Ra2 b5 16. a6 Nf8 17. Qa3 Ne6 18.
Rd1 f6 19. d4 Bf8 20. Raa1 cxd4 21. Qxe7 Bxe7 22. cxd4 exd4 23. Nxd4 Nxd4 24. Bxd4 c5 25. Be3 Kf7 26. Rdc1 Rdc8 27. Ra5 Rab8 28. b4 Rc6 29.
bxc5 b4 30. Rb1 b3 31. Ra3 Bxc5 32. Bxc5 Rxc5 33. Raxb3 Rxb3 34. Rxb3 Ra5 35. Rb7+ Ke6 36. Rxa7 h5 37. Ra8 Ke5 38. a7 Kf4 39. Rf8 Ra1+ 40.
Kh2 Rxa7 41. Rxf6+ Kg5 42. Rf8 Ra4 43. f4+ Kh6 44.
e5 Kg7 45. Rf6 Ra2 46. h4 Ra4 47. Kg3 Ra3+ 48. Kf2 Ra4 49. Kf3 Ra3+ 50. Ke4 Rg3 51. Rd6 Rxg2 52. Rd7+ Kf8 53. e6 Re2+ 54. Kd5 Re1 55.
Ra7 Rh1 56. Ke5 Rxh4 57. f5 gxf5 58. Kf6 Kg8 59. Ra8+ Kh7 60. e7 Re4 61. e8=Q Rxe8 62. Rxe8 f4 63. Kg5 f3 64. Rf8 Kg7 65. Rxf3 h4 66.
Rh3 Kh7 67. Rxh4+ Kg7 68. Rf4 Kg8 69. Rf6 Kh8 70. Kg6 Kg8 71. Rf5 Kh8 72. Rf8# 1-0

[Event "*** Titled Tuesday Blitz"]
[Site "Chess.com"]
[Date "2020.05.19"]
[Round "6"]
[White "atwalcb"]
[Black "Tolya2"]
[Result "1-0"]
[WhiteElo "2356"]
[BlackElo "2455"]
[TimeControl "180+1"]
[EndTime "13:10:42 PDT"]
[Termination "atwalcb won on time"]

1. d4 d5 2. Nf3 Nf6 3. c4 dxc4 4. g3 b5 5. a4 c6 6. Bg2 Bb7 7. Ne5 a6 8. O-O e6 9. b3 cxb3 10. Qxb3 Be7 11. axb5 axb5 12. Rxa8 Bxa8 13. Rd1 O-O 14. Na3 Qb6 15. Be3 Nd5 16. Bc1 Rd8 17. Nc2 Nd7 18. Nd3 c5 19. dxc5 Nxc5 20. Nxc5 Bxc5 21. e3 Rc8 22.
Bb2 Bf8 23. Nd4 b4 24. Rc1 Rxc1+ 25. Bxc1 h6 26. Bb2 Qc7 27. Qa4 Bb7 28. h4 Nc3 29.
Qe8 Bxg2 30. Kxg2 Qe7 31. Qb8 Qd7 32. Bxc3 bxc3 33. Qb3 Qd5+ 34. Qxd5 exd5 35. Kf1 Bc5 36. Nc2 f5 37. Ke2 Bb6 38. Kd3 Ba5 39. Nd4 g6 40. Nc6 Bb6 41. Ne7+ Kf7 42. Nxd5 Ba5 43. Nxc3 Ke6 44.
Ne2 g5 45. hxg5 hxg5 46. Nd4+ Kf6 47. e4 fxe4+ 48. Kxe4 Be1 49. Kf3 Ke5 50. Nc2 Bd2 51.
Kg4 Kf6 52. f3 Bc1 53. Nd4 Bd2 54. Ne2 Kg6 55. Nd4 Bc1 56. Nc6 Bd2 57. Ne5+ Kf6 58. Nd3 Kg6 59. Nc5 Bc1 60. Ne4 Be3 61. Nd6 Bc1 62. Nc4 Kf6 63. Nb6 Kg6 64. Nd7 Bd2 65. Nf8+ Kf7 66. Nh7 Kg6 67. Nf8+ Kf7 68. Nd7 Ke6 69. Nb6 Kf7 70. Kf5 Kg7 71. g4 Bc1 72.
Nd5 Kf7 73. Nc3 Bd2 74. Ne4 Bc1 75. Nxg5+ 1-0

[Event "*** Titled Tuesday Blitz"]
[Site "Chess.com"]
[Date "2020.05.19"]
[Round "6"]
[White "Perecke"]
[Black "MikeSailer"]
[Result "1-0"]
[WhiteElo "2268"]
[BlackElo "2071"]
[TimeControl "180+1"]
[EndTime "13:10:42 PDT"]
[Termination "Perecke won by resignation"]

1. e4 d5 2. exd5 Qxd5 3. Nc3 Qd6 4. Nf3 Nf6 5. Bc4 c6 6. d4 Bg4 7. Be3 e6 8. h3 Bh5 9. g4 Bg6 10. Qd2 Be7 11. O-O-O Nbd7 12. a3 Nb6 13. Bb3 Ne4 14. Nxe4 Bxe4 15. Bf4 Qd8 16. Qe3 Bxf3 17. Qxf3 Nd5 18.
Bd2 Bg5 19. c4 Bxd2+ 20. Rxd2 Ne7 21. Kb1 O-O 22. h4 b5 23. h5 bxc4 24. Bxc4 Nd5 25.
Rdd1 Qg5 26. Bxd5 cxd5 27. Qg3 Rab8 28. f4 Qe7 29. g5 Qb7 30. Rd2 Qb3 31. Qg2 Qxa3 32. g6 fxg6 33. hxg6 h6 34. Qe2 Rf6 35.
Qe5 Qf3 36. f5 Qxh1+ 37. Ka2 Qf3 38. Qxb8+ Rf8 39. Qd6 Qxf5 40. Re2 Qxg6 41. Rxe6 Qf7 42. Qxd5 Rb8 43. Qe5 Qb7 44. Re8+ Rxe8 45. Qxe8+ Kh7 46. Qe5 Qa6+ 47. Kb3 Qb6+ 48. Kc3 Qc6+ 49. Kd2 Qg2+ 50. Kc3 Qf3+ 51. Kd2 Qf2+ 52. Kd3 Qf7 53. d5 Qg6+ 54. Kd4 h5 55. Qe4 Qxe4+ 56. Kxe4 Kg6 57. Ke5 Kf7 58. Kd6 Ke8 59. Kc7 h4 60. d6 h3 61. d7+ Ke7 62. d8=Q+ Ke6 63. Qh8 g5 64. Qxh3+ g4 65. Qxg4+ 1-0

[Event "*** Titled Tuesday Blitz"]
[Site "Chess.com"]
[Date "2020.05.19"]
[Round "6"]
[White "TenisMaster"]
[Black "wnstop"]
[Result "1-0"]
[WhiteElo "2793"]
[BlackElo "2620"]
[TimeControl "180+1"]
[EndTime "13:10:43 PDT"]
[Termination "TenisMaster won by resignation"]

1. e4 c5 2. Nf3 Nc6 3. Bb5 g6 4. O-O Bg7 5. Re1 e5 6. Bxc6 dxc6 7. d3 Qe7 8. a3 Nf6 9. Nbd2 Nd7 10. b4 O-O 11. bxc5 Nxc5 12. a4 Ne6 13. Nc4 Qc7 14. Bb2 Nd4 15. Nxd4 exd4 16. Ba3 c5 17.
Qb1 Bd7 18. Qb3 b6 19. Bc1 Rab8 20. Bg5 Be6 21. Bh4 Be5 22. Bg3 Bxg3 23. hxg3 a6 24. Qa3 b5 25. axb5 axb5 26. Nd2 c4 27. Nf3 Rfd8 28. dxc4 bxc4 29. Rad1 d3 30. cxd3 Rb3 31. Qc1 Rbxd3 32. Rxd3 Rxd3 33. Qh6 f6 34. e5 f5 35. Ng5 Qe7 36. Ra1 Rd8 37. Qh4 Re8 38. Ra6 Bd5 39.
Rd6 Qxe5 40. Qxh7+ Kf8 41. Rxg6 Qe1+ 42. Kh2 Qe5 43.
Qh6+ Ke7 44. Rg7+ Kd8 45. Qb6+ Kc8 46. Qc5+ Kd8 47. Qa5+ Kc8 48. Qc5+ Kd8 49. Qb6+ Kc8 50. Rh7 Rh8 51. Qa6+ Kd8 52. Qa5+ Kc8 53. Qc5+ Kd8 54. Nf7+ Bxf7 55. Qxe5 Rxh7+ 56. Kg1 Be8 57. f3 Rd7 58. Qf6+ Kc8 59. Qxf5 Bf7 60. Qe5 Kd8 61. g4 Rc7 62. Qh8+ Ke7 63. Qc3 Kd7 64. Kf2 Bd5 65. g5 Kd6 66. g6 Rb7 67. g7 Kc5 68. Qe5 Rb8 69. Qxb8 c3 70. g8=Q Bxg8 71. Qxg8 c2 72. Qc8+ Kb4 73.
Qxc2 1-0